 Dungeon Crawl Stone Soup version 0.29-a0-359-g541a27f54d (webtiles) character file.

Game seed: 10151847579196264601

161 spaghetti the Skirmisher (level 5, 0/57 HPs)
             Began as an Ogre Chaos Knight on Apr 27, 2022.
             Was a Plaything of Xom.
             Slain by Pikel
             ... wielding a +1 whip of freezing
              (9 damage)
             ... on level 4 of the Dungeon.
             The game lasted 00:05:55 (3190 turns).

spaghetti the Skirmisher (Ogre Chaos Knight)        Turns: 3190, Time: 00:05:56

Health: 0/57       AC:  6    Str: 16    XL:     5   Next: 42%
Magic:  6/6        EV: 10    Int: 15    God:    Xom [..*...]
Gold:   154        SH:  0    Dex:  8    Spells: 2/5 levels left

rFire   . . .      SeeInvis .   j - +1 dagger (venom) {short}
rCold   . . .      Faith    .   (no shield)
rNeg    . . .      Spirit   .   b - +2 robe
rPois   .          Reflect  .   (helmet restricted)
rElec   .          Harm     .   (no cloak)
rCorr   .          Rampage  .   (gloves unavailable)
Will    .....                   (boots unavailable)
Stlth   +.........              (no amulet)
HPRegen 0.19/turn               (no ring)
MPRegen 0.10/turn               (no ring)

@: mighty
A: large, unfitting armour, tough skin 1, hooves 1, shaggy fur 1
a: Renounce Religion


You were on level 4 of the Dungeon.
You worshipped Xom.
You were a toy of Xom.
You visited 1 branch of the dungeon, and saw 4 of its levels.

You collected 154 gold pieces.


Innate Abilities, Weirdness & Mutations

You are too large for most types of armour.
You have tough skin. (AC +1)
You have large cloven feet.
You are covered in fur. (AC +1)


   Skills:
 * Level 5.5 Fighting
 - Level 3.1 Polearms
 + Level 1.6 Throwing
 + Level 2.8 Dodging
 + Level 0.7 Spellcasting
 + Level 0.3 Conjurations
 + Level 1.5 Summonings
 + Level 0.3 Fire Magic
 + Level 0.4 Air Magic
 + Level 0.3 Poison Magic


You had 2 spell levels left.
You knew the following spells:

 Your Spells              Type           Power      Damage    Failure   Level
a - Ignite Poison         Fire/Tmut/Pois 1%         N/A       56%         3

Your spell library contained the following spells:

 Spells                   Type           Power      Damage    Failure   Level
 Call Canine Familiar     Summ           5%         N/A       38%         3
 Mephitic Cloud           Conj/Pois/Air  1%         N/A       54%         3
 Portal Projectile        Hex/Tloc       0%         N/A       58%         3
 Leda's Liquefaction      Hex/Erth       0%         N/A       94%         4
 Freezing Cloud           Conj/Ice/Air   0%         6-21      99%         5

Inventory:

Hand Weapons
 a - a +0 spear of chaos {polearm}
 j - a +1 dagger of venom (weapon) {short}
   (You took it off a goblin on level 1 of the Dungeon)
Missiles
 f - 99 stones (quivered) {throwing}
Armour
 b - a +2 robe (worn)
Scrolls
 d - 2 scrolls of identify {@r1}
 e - a scroll of fog
 g - 2 scrolls of enchant armour
 h - 2 scrolls of vulnerability {!r!r}
Potions
 i - a potion of heal wounds {unknown}
 k - a potion of brilliance {unknown}
 l - 2 potions of degeneration {unknown}
Miscellaneous
 c - a piece from Xom's chessboard (15/15)

Dungeon Overview and Level Annotations

Branches:
Dungeon (4/15)
 Temple: D:4-7

Altars:

Annotations:
D:4 Pikel

...................#
...$..............##
..........))......#
....o.............#
.......o.$........#
......<...........#
........oo..........
....!..55r..........
.....g..K@o........
........55.........
.................
.....######.#....
..... .P.... .....
.## ## .. . .


You could see Pikel (very poisoned), 4 lemures, 2 orc priests, 3 orcs, a quokka
and a goblin.


Message History

A kobold comes into view. It is wielding a +0 club.
The goblin unwields a +0 dagger.
The goblin wields a +0 hunting sling.
The goblin shoots a sling bullet.
The sling bullet barely misses you.
The goblin unwields a +0 hunting sling.
The goblin wields a +0 dagger.
The goblin closely misses you.
You hit the goblin.
The goblin is poisoned.
You kill the goblin!
You hit the kobold.
The kobold is poisoned.
You kick the kobold.
You kill the kobold!
Xom is getting BORED.
No target in view!
f - 99 stones {throwing} (gained 5)
You see here a +0 club {mace}.
An orc comes into view. It is wielding a +0 club.
The orc shouts!
Things that are here:
a +0 dagger {short}; a +0 hunting sling {sling}; a goblin corpse An orc is nearby!
An orc is nearby!
A quokka comes into view.
An orc comes into view. It is wielding a +1 whip of draining.
An orc and an orc priest come into view.
The orc is wielding a +2 war axe of freezing.
Found a stone staircase leading down.
The orc shouts! x2; The orc priest shouts!
You hear a shout!
You are now a BORING thing. "Tag, you're it!"
The stone staircase leading up slides away from you!
The stone staircase leading down slides away from you!
You are now a toy of Xom.
The orc priest casts a cantrip, but nothing happens.
A lemure comes into view.
The orc hits you but does no damage.
A lemure comes into view.
The lemure shouts! x2; You hear a shout!
The quokka bites you.
Pikel, Merchant of Souls comes into view.
He is wielding a +1 whip of freezing. 😕 HP[-1]
You take 1 damage, and now have 56/57 hp.
The quokka attacks as you move away!
The quokka bites you but does no damage.
The orc attacks as you move away! The orc hits you with a +0 club.
Pikel shouts!
An orc priest comes into view. It is wielding a +0 hand axe. 😕 HP[-2]
You take 2 damage, and now have 54/57 hp.
A lemure comes into view.
The lemure shouts!
A lemure comes into view. 😕 HP[+1]
The quokka bites you.
The orc priest mumbles some strange prayers to Beogh against you.
Beogh smites you! 😕 HP[-9]
You take 9 damage, and now have 46/57 hp.
The orc attacks as you move away! The orc hits you with a +0 club.
The orc priest looks braver for a moment. 😕 HP[-1]
You take 1 damage, and now have 45/57 hp.
The orc attacks as you move away! The orc hits you with a +0 club.
The stone staircase leading up slides away as you move beside it! "Go forth and cause havoc, mortal!"
You feel very mighty all of a sudden.
A goblin comes into view. It is wielding a +0 dagger.
The lemure hits you. 😮 HP[-8]
You take 8 damage, and now have 37/57 hp.
You can't go up here!
Unknown command.
You can't go up here!
The lemure attacks as you move away! The lemure barely misses you.
The quokka attacks as you move away!
The quokka bites you but does no damage.
The quokka bites you.
The orc priest calls down the wrath of Beogh upon you.
Beogh smites you!
* * * LOW HITPOINT WARNING * * *
😨 HP[-16]
You take 16 damage, and now have 21/57 hp.
MASSIVE DAMAGE!! (PAUSE)
Okay, then.
You puncture Pikel! You kick Pikel. The quokka barely misses you.
The lemure closely misses you. Pikel misses you.
You hit Pikel.
Pikel is poisoned.
The quokka closely misses you. The lemure hits you but does no damage.
The orc barely misses you.
Pikel hits you with a +1 whip of freezing!
* * * LOW HITPOINT WARNING * * *
Pikel freezes you.
* * * LOW HITPOINT WARNING * * *
😱 HP[-11]
You take 11 damage, and now have 10/57 hp.
Unknown command.
Unknown command.
You hit Pikel. Your kick misses Pikel. The quokka closely misses you.
The lemure hits you.
* * * LOW HITPOINT WARNING * * *
The lemure closely misses you.
Pikel hits you with a +1 whip of freezing!
You die...
Xom howls with laughter!

Skill      XL: |  1  2  3 |
---------------+----------+-----
Fighting       | 5 |  5.5
Throwing       | 1 |  1.6
Summonings     | 1 |  1.5
Polearms       | |  3.1
Dodging        | |  2.8
Spellcasting   | |  0.7
Conjurations   | |  0.3
Fire Magic     | |  0.3
Air Magic      | |  0.4
Poison Magic   | |  0.3

Action                   |  1- 3 |  4- 6 || total
-------------------------+-------+-------++-------
Melee: Spear             |    41 |       ||    41
       Dagger            |    47 |   132 ||   179
       Kick              |     6 |    31 ||    37
Throw: Stone             |    33 |    34 ||    67
  Use: Scroll            |       |     3 ||     3
Armor: Robe              |    30 |    58 ||    88
Dodge: Dodged            |    29 |    88 ||   117

Levels and vault maps discovered:
D:1:      dpeg_arrival_pond, layout_loops_ring, shapermc_ecumenical_altar_gd,
          serial_glass, glass_columns_c, glass_columns_b
D:2:      layout_basic
D:3:      kennysheep_slugbush, layout_basic
D:4:      layout_basic, mainiacjoe_overflow_two_lobes,
          minmay_temple_entry_gardened_gates, uniq_grinder, uniq_edmund,
          uniq_pikel

Notes
Turn   | Place    | Note
-------+----------+-------------------------------------------
     0 | D:1      | spaghetti the Ogre Chaos Knight began the quest for the
                  | Orb.
     0 | D:1      | Reached XP level 1. HP: 24/24 MP: 1/1
     0 | D:1      | magus.rc [v1.9.6]
    15 | D:1      | You pick up a book of the Hunter and begin reading...
    15 | D:1      | You add the spells Call Canine Familiar, Portal Projectile
                  | and Leda's Liquefaction to your library.
    59 | D:1      | XOM: silly message
   147 | D:1      | Found a faded altar of an unknown god.
   272 | D:1      | Reached XP level 2. HP: 10/32 MP: 2/2
   408 | D:1      | XOM: silly message
  1125 | D:1      | XOM: give mutations
  1125 | D:1      | Gained mutation: You are covered in fur. (AC +1) [Xom's
                  | grace]
  1125 | D:1      | Gained mutation: You have large cloven feet. [Xom's grace]
  1218 | D:2      | Reached XP level 3. HP: 30/40 MP: 3/3
  1371 | D:2      | Reached skill level 5 in Fighting
  1371 | D:2      | Reached skill level 1 in Throwing
  1371 | D:2      | Reached skill level 1 in Summonings
  1371 | D:2      | Reached XP level 4. HP: 15/50 MP: 4/4
  1969 | D:2      | You add the spells Ignite Poison, Mephitic Cloud and
                  | Freezing Cloud to your library.
  2054 | D:3      | XOM: noise
  2240 | D:2      | Learned a level 3 spell: Ignite Poison
  2620 | D:3      | Reached XP level 5. HP: 57/57 MP: 5/5
  2894 | D:4      | XOM: smoke on damage
  2895 | D:4      | HP: 12/57 [acid (5)]
  3178 | D:4      | XOM is BORED!
  3178 | D:4      | XOM: repel stairs
  3178 | D:4      | Noticed a lemure
  3179 | D:4      | Noticed a lemure
  3179 | D:4      | Noticed Pikel
  3181 | D:4      | Noticed a lemure
  3181 | D:4      | Noticed a lemure
  3185 | D:4      | XOM: potion effect (might)
  3189 | D:4      | HP: 12/57 [Pikel/+1 whip of freezing (9)]
  3190 | D:4      | Slain by Pikel

Vanquished Creatures
  A jelly (D:4)
  An iguana (D:2)
  3 adders
  2 worms (D:2)
  7 dart slugs
  4 endoplasms
  2 giant cockroaches
  5 goblins
  4 hobgoblins
  5 jackals
  8 kobolds
  3 quokkas
  9 ball pythons
  2 bats
  3 frilled lizards
  3 rats
62 creatures vanquished.

Vanquished Creatures (others)
  6 plants
6 creatures vanquished.

Grand Total: 68 creatures vanquished

Table legend:
 A = Non-vault XP
 B = Vault XP
 C = Vault XP percentage of total XP
 D = Non-vault monster count
 E = Vault monster count
 F = Vault count percentage of total count
                 A         B        C        D         E       F
            +---------+---------+-------+---------+---------+-------
      Total |     211 |      20 |   8.7 |      57 |       5 |   8.1
            +---------+---------+-------+---------+---------+-------
        D:1 |      31 |       0 |   0.0 |      17 |       0 |   0.0
        D:2 |      90 |       0 |   0.0 |      17 |       0 |   0.0
        D:3 |      41 |      20 |  32.8 |      16 |       5 |  23.8
        D:4 |      49 |       0 |   0.0 |       7 |       0 |   0.0
            +---------+---------+-------+---------+---------+-------

Illustrated notes

Table legend:
 A = Kills in this place as a percentage of kills in entire the game.
 B = Kills by you in this place as a percentage of kills by you in the entire game.
 C = Kills by friends in this place as a percentage of kills by friends in the entire game.
 D = Other kills in this place as a percentage of other kills in the entire game.
 E = Experience gained in this place as a percentage of experience gained in the entire game.
 F = Experience gained in this place divided by the number of levels of this place that you have seen.
                   A       B       C       D       E      F
               +-------+-------+-------+-------+-------+----------------------
         Total | 100.0 | 100.0 |   N/A |   N/A | 100.0 |  57.8
       Dungeon | 100.0 | 100.0 |   N/A |   N/A | 100.0 |  57.8
               +-------+-------+-------+-------+-------+----------------------

Table legend: (Time is in decaauts)
 A = Elapsed time spent in this place.
 B = Non-inter-level travel time spent in this place.
 C = Inter-level travel time spent in this place.
 D = Time resting spent in this place.
 E = Time spent auto-exploring this place.
 F = Levels seen in this place.
 G = Mean time per level.
                   A        B        C        D        E       F      G
               +--------+--------+--------+--------+--------+-----+--------+
         Total |   3209 |   3119 |     90 |    473 |   2117 |   4 |  802.2 |
       Dungeon |   3209 |   3119 |     90 |    473 |   2117 |   4 |  802.2 |
               +--------+--------+--------+--------+--------+-----+--------+

Top non-repeatable levels by time:
     D:1: 1179 daAuts
     D:2: 1073 daAuts
     D:3: 643 daAuts
     D:4: 312 daAuts
